 Dungeon Crawl Stone Soup version 0.31-a0-1267-gfedaa18580 (webtiles) character file.

Game seed: 3981587944436200633

651 skwerlee the Chopper (level 7, -4/55 HPs)
             Began as a Human Berserker on Dec 17, 2023.
             Was a Believer of Trog.
             Slain by Dowan
             ... wielding a +3 dagger
              (6 damage)
             ... on level 5 of the Dungeon.
             The game lasted 00:05:46 (3683 turns).

skwerlee the Chopper (Human Berserker)              Turns: 3683, Time: 00:05:46

Health: -4/55      AC: 11    Str: 19    XL:     7   Next: 53%
Magic:  7/7        EV:  9    Int:  7    God:    Trog [**....]
Gold:   238        SH:  0    Dex: 19    Spells: 6/6 levels left

rFire   + . .        a - +0 hand axe
rCold   x . .        (no shield)
rNeg    . . .        c - +0 chain mail
rPois   .            (no helmet)
rElec   .            (no cloak)
rCorr   .            b - +0 pair of gloves
SInv    .            (no boots)
Will    .....        (no amulet) Stlth
                     l - ring of fire
HPRegen 0.29/turn    s - +6 ring of dexterity
MPRegen 0.10/turn

%: no passive effects
@: lit by a corona, glowing
A: explore regen
a: Renounce Religion, Berserk, Trog's Hand


You were on level 5 of the Dungeon.
You worshipped Trog.
Trog was pleased with you.
You visited 1 branch of the dungeon, and saw 5 of its levels.

You collected 238 gold pieces.

Inventory:

Hand Weapons
 a - a +0 hand axe (weapon)
Armour
 b - a +0 pair of gloves (worn)
 c - a +0 chain mail (worn)
Jewellery
 l - a ring of fire (left hand)
 s - a +6 ring of dexterity (right hand)
Wands
 m - a wand of mindburst (18)
 q - a wand of iceblast (2)
Scrolls
 g - a scroll of revelation {unknown}
 h - a scroll of brand weapon {unknown}
 i - a scroll of amnesia {unknown}
 t - a scroll of teleportation {unknown}
 u - a scroll of fear {unknown}
Potions
 d - 3 potions of curing
 e - a potion of magic
 f - a potion of mutation
 j - 2 potions of might
 k - 2 potions of heal wounds {unknown}
 n - 3 potions of haste
 o - 2 potions of lignification
 p - 2 potions of brilliance
 r - a potion of enlightenment {unknown}


   Skills:
 + Level 4.6 Fighting
 + Level 5.7 Axes
 + Level 4.9 Armour
 + Level 2.7 Dodging
 + Level 0.3 Stealth


You had 6 spell levels left.
You didn't know any spells.
Your spell library was empty.

Dungeon Overview and Level Annotations

Branches:
Dungeon (5/15)
 Temple: D:4-7

Altars:
Cheibriados
Elyvilon
Fedhas
Gozag
Nemelex Xobeh

Shops:
D:3 *

Annotations:
D:4 3 runed translucent doors, Tollund's ghost, amateur AtFi
D:5 Dowan; Duvessa


Innate Abilities, Weirdness & Mutations

You regain HP and MP as you explore.


Message History

Dowan is moderately wounded.
You hit Duvessa but do no damage. Duvessa hits you with a +0 short sword.
Dowan closely misses you.
Unknown command.
You hit Dowan.
Dowan is heavily wounded.
You hit Duvessa. Duvessa hits you with a +0 short sword.
Duvessa hits you but does no damage. Dowan hits you with a +3 dagger.
You hit Dowan.
Dowan is heavily wounded.
You hit Duvessa but do no damage. Duvessa barely misses you.
Dowan hits you with a +3 dagger.
You hit Dowan.
Dowan is severely wounded.
You hit Duvessa. Duvessa hits you with a +0 short sword!
* * * LOW HITPOINT WARNING * * *
Duvessa hits you but does no damage. Dowan casts a spell at you.
The puff of flame hits you. You resist.
* * * LOW HITPOINT WARNING * * *
Unknown command.
You hit Dowan.
Dowan is severely wounded.
You hit Duvessa. Duvessa hits you with a +0 short sword.
* * * LOW HITPOINT WARNING * * *
Dowan hits you but does no damage.
You hit Dowan but do no damage.
Dowan is severely wounded.
You hit Duvessa.
Duvessa gestures with her weapon.
Duvessa hits you with a +0 short sword.
* * * LOW HITPOINT WARNING * * *
Duvessa hits you with a +0 short sword!
* * * LOW HITPOINT WARNING * * *
Dowan hits you but does no damage.
You hit Dowan.
Dowan is almost dead.
You closely miss Duvessa. Duvessa closely misses you.
Dowan hits you with a +3 dagger.
You die...

#.......#.###
##....####..##
##....#####..#.
##......##......
#.......##....## #
###.........)..... ##.
#..........##.....
.#.[.##e##.......##.....
.......@.$..............
.......e................
............#...........
##......................
###...##..........#....
...(. ..##.....##.....
...... ... #.#...#.....
#.##... ..#.#.#.........
#. .... ##.............


You could see Duvessa (fast) and Dowan.

Vanquished Creatures
  A phantom (D:4)
  4 wights (D:4)
  3 hounds
  A jelly (D:4)
  An orc priest (D:5)
  Terence (D:3)
  2 iguanas (D:5)
  2 orc wizards (D:3)
  An adder (D:2)
  2 ufetubi (D:5)
  2 worms
  7 orcs
  4 endoplasms
  5 giant cockroaches
  5 goblins
  7 hobgoblins
  5 quokkas
  6 ball pythons
  3 bats
  4 frilled lizards
  11 kobolds
  2 rats
79 creatures vanquished.

Notes
Turn   | Place    | Note
-------+----------+-------------------------------------------
     0 | D:1      | skwerlee the Human Berserker began the quest for the Orb.
     0 | D:1      | Reached XP level 1. HP: 18/18 MP: 1/1
   175 | D:1      | Reached XP level 2. HP: 24/24 MP: 2/2
   344 | D:1      | Found a faded altar of an unknown god.
   587 | D:1      | Reached XP level 3. HP: 29/29 MP: 3/3
   822 | D:2      | Reached ** piety under Trog
  1022 | D:2      | Reached skill level 4 in Axes
  1401 | D:3      | Reached XP level 4. HP: 35/36 MP: 4/4
  1446 | D:3      | Reached XP level 5. HP: 27/41 MP: 5/5
  1547 | D:3      | Found Piduenog's Assorted Antiques.
  1631 | D:3      | Noticed Terence
  1647 | D:3      | Killed Terence
  1997 | D:4      | Found a runed translucent gate.
  1997 | D:4      | Found a runed translucent gate.
  1997 | D:4      | Found a runed translucent gate.
  2017 | D:4      | Noticed a phantom
  2036 | D:4      | Reached skill level 5 in Axes
  2036 | D:4      | Reached XP level 6. HP: 34/48 MP: 6/6
  2340 | D:4      | Noticed an ice beast
  2341 | D:4      | Noticed Tollund's ghost (amateur AtFi)
  2389 | D:4      | Identified the flux talisman of the Trees {SInv}
  2492 | D:4      | Found a snail-covered altar of Cheibriados.
  2696 | D:4      | Found a sparkling altar of Nemelex Xobeh.
  2723 | D:4      | Found a blossoming altar of Fedhas.
  2825 | D:4      | Reached XP level 7. HP: 45/55 MP: 7/7
  2868 | D:4      | Found an opulent altar of Gozag.
  3138 | D:4      | Found a white marble altar of Elyvilon.
  3256 | D:5      | Entered Level 5 of the Dungeon
  3661 | D:5      | Noticed Dowan
  3663 | D:5      | Noticed Duvessa
  3682 | D:5      | HP: 2/55 [Duvessa/+0 short sword (7)]
  3683 | D:5      | Slain by Dowan

Illustrated notes

Levels and vault maps discovered:
D:1:      mrwooster_arrival_arrow, layout_loops_corners,
          ebering_ecumenical_altar_hall
D:2:      layout_basic
D:3:      layout_basic, serial_shops, nicolae_shop_dealshenge, uniq_terence
D:4:      layout_basic, nicolae_elyvilon_temple_path,
          mainiacjoe_overflow_six_doors_small, nicolae_overflow_crystal_walls,
          fedhas_altar_3, mainiacjoe_overflow_cross_hatched,
          gammafunk_ghost_icy, abandoned_shop
D:5:      layout_cave_pools, minmay_temple_entry_antechambers, uniq_edmund,
          uniq_duvessa

Skill      XL: |  1  2  3  4  5  6 |
---------------+-------------------+-----
Axes           | 4 5 |  5.7
Armour         | 3 4 |  4.9
Fighting       | 4 |  4.6
Dodging        | |  2.7
Stealth        | |  0.3

Action                     |  1- 3 |  4- 6 |  7- 9 || total
---------------------------+-------+-------+-------++-------
  Melee: Hand axe          |   113 |   150 |    85 ||   348
         Punch             |     2 |     1 |       ||     3
 Invoke: Berserk           |       |     2 |       ||     2
    Use: Scroll            |     4 |     3 |       ||     7
 Armour: Chain mail        |    75 |   128 |    99 ||   302
  Dodge: Dodged            |    47 |    63 |    43 ||   153

Table legend: (Time is in decaauts)
 A = Elapsed time spent in this place.
 B = Non-inter-level travel time spent in this place.
 C = Inter-level travel time spent in this place.
 D = Time resting spent in this place.
 E = Time spent auto-exploring this place.
 F = Levels seen in this place.
 G = Mean time per level.
                   A        B        C        D        E       F      G
               +--------+--------+--------+--------+--------+-----+--------+
         Total |   3724 |   3591 |    133 |    517 |   2361 |   5 |  744.8 |
       Dungeon |   3724 |   3591 |    133 |    517 |   2361 |   5 |  744.8 |
               +--------+--------+--------+--------+--------+-----+--------+

Top non-repeatable levels by time:
     D:4: 1283 daAuts
     D:1: 823 daAuts
     D:3: 662 daAuts
     D:2: 526 daAuts
     D:5: 428 daAuts
